 Dungeon Crawl Stone Soup version 0.12.2-37-gc4994d8 (webtiles) character file.

160 Czerbonog the Slasher (level 4, -3/35 HPs)
             Began as a Demonspawn Gladiator on Sept 18, 2013.
             Slain by Crazy Yiuf
             ... wielding a +3,+4 quarterstaff of chaos
              (6 damage)
             ... on Level 2 of the Dungeon.
             The game lasted 00:05:53 (2176 turns).

Czerbonog the Slasher (Demonspawn Gladiator)        Turns: 2176, Time: 00:05:54

HP  -3/35        AC  4     Str 16      XL: 4   Next: 14%
MP   0/3         EV 11     Int 10      God:
Gold 83          SH  0     Dex 10 (13) Spells:  0 memorised,  3 levels left

Res.Fire  : . . .   See Invis. : .   a - +0 falchion
Res.Cold  : + . .   Warding    : .   b - +0 leather armour
Life Prot.: . . .   Conserve   : .   (no shield)
Res.Poison: .       Res.Corr.  : .   c - +0 helmet
Res.Elec. : .       Clarity    : .   (no cloak)
Sust.Abil.: . .     Spirit.Shd : .   (no gloves)
Res.Mut.  : .       Stasis     : .   (no boots)
Res.Rott. : .       Ctrl.Telep.: .   (no amulet)
Saprovore : . . .   Flight     : .   (no ring)
                                     (no ring)

@: slightly resistant to hostile enchantments, very unstealthy
A: cold resistance 1
a: no special abilities


You were on level 2 of the Dungeon.
You were not hungry.

You visited 1 branch of the dungeon, and saw 2 of its levels.

You collected 63 gold pieces.

Inventory:

Hand weapons
 a - a +0,+0 falchion (weapon)
Missiles
 d - 3 throwing nets (quivered)
Armour
 b - a +0 leather armour (worn)
 c - a +0 helmet (worn)
Comestibles
 f - 2 bread rations
 h - a rotting chunk of adder flesh
 l - a meat ration
Scrolls
 g - a scroll of teleportation {unknown}
 j - a scroll of amnesia {unknown}
 k - 2 scrolls of remove curse {unknown}
 o - a scroll of enchant weapon I {unknown}


   Skills:
 - Level 2.0 Fighting
 + Level 4.5 Long Blades
 - Level 1.7 Throwing
 - Level 2.6 Dodging


You had 3 spell levels left.
You didn't know any spells.

Dungeon Overview and Level Annotations

Branches:
Dungeon (2/27)

Altars:

Annotations
D:2 Crazy Yiuf


Innate Abilities, Weirdness & Mutations

Your flesh is cold resistant.


Message History

Your transformation is almost over.
Crazy Yiuf hits you but does no damage.
Crazy Yiuf zaps a wand.
You resist. Crazy Yiuf hits you but does no damage.
Crazy Yiuf hits you with a quarterstaff of chaos.
You feel less woody.
Your +0 leather armour unmelds from your body.
Crazy Yiuf zaps a wand.
You resist.
Crazy Yiuf hits you with a quarterstaff of chaos!
* * * LOW HITPOINT WARNING * * *
You feel your power leaking away.
You hit Crazy Yiuf but do no damage.
Crazy Yiuf is heavily wounded.
Crazy Yiuf zaps a wand.
You resist.
You barely miss Crazy Yiuf.
Crazy Yiuf is heavily wounded.
Crazy Yiuf cries, "Dawk sallow song!"
Crazy Yiuf hits you with a quarterstaff of chaos.
* * * LOW HITPOINT WARNING * * *
You convulse!
You die...

#.....# ####%.... #.....######
#...#.#.. ###...##...#
#...#.### ###......# #......#
#......# ##.....# #...########
##.....# #.#### #.### #...#
#.....##
##.#...###.######...###.....###
#.............@g...............
#..#.......#########...###.....
#..####....## #....# #.....
###..# #....<# #...## ##.#..
..#..# ###...# ##...### #.#..
.....# #...# #..)g..# #.###
.....#######.####
#....#####....
................#
##....###......
#...######...####
♣♣...)♣♣######.


You could see Crazy Yiuf.

Vanquished Creatures
  A gnoll (D:1)
  3 adders (D:2)
  A giant gecko (D:1)
  2 oozes
  3 giant cockroaches
  4 hobgoblins (D:2)
  7 jackals (D:1)
  7 bats
  2 giant newts (D:1)
  2 goblins (D:1)
  4 kobolds
  5 rats (D:1)
41 creatures vanquished.

Vanquished Creatures (others)
  A rat (D:2)
1 creature vanquished.

Grand Total: 42 creatures vanquished

Notes
Turn   | Place    | Note
--------------------------------------------------------------
     0 | D:1      | Czerbonog, the Demonspawn Gladiator, began the quest for the Orb.
     0 | D:1      | Reached XP level 1. HP: 17/17 MP: 0/0
   242 | D:1      | Reached skill level 3 in Long Blades
   473 | D:1      | Gained mutation: Your flesh is cold resistant. [demonic ancestry]
   473 | D:1      | Reached XP level 2. HP: 21/23 MP: 1/1
   976 | D:1      | Reached XP level 3. HP: 26/28 MP: 2/2
  1276 | D:2      | Reached skill level 4 in Long Blades
  1735 | D:2      | Paralysed by a potion of paralysis for 7 turns
  1834 | D:2      | Reached XP level 4. HP: 12/35 MP: 3/3
  2135 | D:2      | Noticed Crazy Yiuf
  2176 | D:2      | Slain by Crazy Yiuf

Action                   |  1- 3 |  4- 6 || total
-------------------------+-------+-------++-------
Melee: Falchion          |   154 |    16 ||   170
  Use: Potion            |     7 |       ||     7
